 Dungeon Crawl Stone Soup version 0.31.0-12-g77e489cdc1 (webtiles) character file.

Game seed: 10446715576370839820

266 Wetcigarette the Conjurer (level 6, -3/33 HPs)
             Began as a Tengu Conjurer on Feb 29, 2024.
             Was an Initiate of Makhleb.
             Slain by an ufetubus (4 damage)
             ... on level 5 of the Dungeon.
             The game lasted 00:25:12 (4095 turns).

Wetcigarette the Conjurer (Tengu Conjurer)          Turns: 4095, Time: 00:25:15

Health: -3/33      AC:  4    Str:  6    XL:     6   Next: 20%
Magic:  11/11      EV: 12    Int: 18    God:    Makhleb [......]
Gold:   131        SH:  0    Dex: 14    Spells: 3/10 levels left

rFire   + . .        f - +0 spear
rCold   + . .        (no shield)
rNeg    + . .        u - +1 leather armour {Will+}
rPois   +            (helmet restricted)
rElec   +            (no cloak)
rCorr   +            (no gloves)
SInv    .            (boots unavailable)
Will    +....        s - amulet of faith
Stlth   ++           p - ring of positive energy
HPRegen 0.25/turn    (no ring)
MPRegen 0.12/turn

%: acrobat, faith
@: resistant
A: beak, talons 3, acrobatic, claws 1, weak 1
a: Renounce Religion


You were on level 5 of the Dungeon.
You worshipped Makhleb.
Makhleb was noncommittal.
You visited 1 branch of the dungeon, and saw 5 of its levels.

You collected 131 gold pieces.

Inventory:

Hand Weapons
 f - a +0 spear (weapon)
Armour
 a - a +0 robe
 u - a +1 leather armour of willpower (worn)
Jewellery
 g - a ring of see invisible
 p - a ring of positive energy (left claw)
 s - an amulet of faith (around neck)
Talismans
 l - a serpent talisman
Scrolls
 b - a scroll of enchant armour {unknown}
 h - a scroll of blinking {unknown}
 i - a scroll of amnesia {unknown}
 j - a scroll of fear {unknown}
 n - a scroll of teleportation {unknown}
Potions
 e - a potion of mutation
 k - a potion of attraction {unknown}
 o - a potion of heal wounds {unknown}
 r - a potion of berserk rage {unknown}
 t - a potion of might {unknown}


   Skills:
 + Level 0.5 Fighting
 + Level 1.5 Polearms
 + Level 3.0 Armour
 + Level 3.2 Dodging
 + Level 2.2 Stealth
 + Level 2.9 Spellcasting
 + Level 6.9 Conjurations


You had 3 spell levels left.
You knew the following spells:

 Your Spells              Type           Power      Damage    Failure   Level
a - Magic Dart            Conj           100%       1d8       1%          1
b - Petrify               Alch/Erth      2%         N/A       94%         4
c - Searing Ray           Conj           54%        2d6       2%          2

Your spell library contained the following spells:

 Spells                   Type           Power      Damage    Failure   Level
 Mephitic Cloud           Conj/Alch/Air  10%        N/A       28%         3
 Cigotuvi's Dreadful Rot  Necr/Alch/Air  4%         N/A       36%         2
 Mercury Vapours          Alch/Air       4%         N/A       36%         2
 Sublimation of Blood     Necr           2%         N/A       36%         2
 Fulminant Prism          Conj/Alch      7%         3d7       52%         4
 Iskenderun's Mystic Bla  Conj/Tloc      15%        2d5       52%         4
 Irradiate                Conj/Alch      7%         3d14      86%         5
 Dispel Undead            Necr           2%         3d7       94%         4
 Martyr's Knell           Necr/Summ      2%         N/A       94%         4
 Freezing Cloud           Conj/Ice/Air   5%         6-21      95%         5
 Death Channel            Necr           1%         N/A       100%        6


Dungeon Overview and Level Annotations

Branches:
Dungeon (5/15)
 Temple: D:4-7

Altars:
Cheibriados
Makhleb
Ru
Vehumet
Yredelemnul
The Shining One

Annotations:
D:4 Pikel


Innate Abilities, Weirdness & Mutations

You have a beak for a mouth.
You have claws for feet.
You can magically evade attacks while moving or waiting.
You have sharp fingernails.
You are weak. (Str -2)


Message History

You feel yourself speed up.
You feel sick. The scorpion closely misses you. The ufetubus misses you.
The ufetubus closely misses you.
You feel sick. The ufetubus barely misses you. x2
The scorpion completely misses you.
You feel sick.
You are no longer poisoned.
The ufetubus attacks as it pursues you! The ufetubus completely misses you.
The ufetubus misses you. The scorpion attacks as it pursues you!
The scorpion misses you. The ufetubus attacks as it pursues you!
The ufetubus completely misses you. The ufetubus closely misses you.
The ufetubus completely misses you. The ufetubus misses you.
You see here 7 gold pieces.
Found a long sword.
The ufetubus barely misses you. The ufetubus completely misses you.
The ufetubus attacks as it pursues you! The ufetubus completely misses you.
The ufetubus misses you. The ufetubus attacks as it pursues you!
The ufetubus misses you. The ufetubus hits you.
* * * LOW HITPOINT WARNING * * *
Found a radiant altar of Vehumet.
The ufetubus attacks as it pursues you! The ufetubus hits you.
* * * LOW HITPOINT WARNING * * *
The ufetubus completely misses you.
You feel extremely strange.
Your fingernails lengthen.
You feel weaker.
The ufetubus hits you but does no damage.
The ufetubus closely misses you.
It was a potion of cancellation.
Your magical effects are unravelling.
You feel magically purged.
You feel yourself slow down. The ufetubus misses you.
The ufetubus barely misses you.
It was a potion of resistance.
You feel protected.
The ufetubus hits you but does no damage.
The ufetubus hits you.
* * * LOW HITPOINT WARNING * * *
The ufetubus hits you.
You die...

...# ##) ...##... .
....#... # .
#...#.#.. .. #####..#
...#.._ ######.$....#
.#.....
#........##.##....# .
#........##.5...#...#
#.......<##.s@.......
#........##..###..#.#
#........##..# ....
#..?.....###.. ##
#.............
#........#####.
#........# ##########


You could see a scorpion and an ufetubus.

Vanquished Creatures
  A bullfrog (D:4)
  An iguana (D:4)
  2 orc wizards (D:4)
  Robin (D:3)
  A gnoll (D:1)
  2 adders
  An ufetubus (D:4)
  A dart slug (D:2)
  A ribbon worm (D:2)
  3 orcs
  7 endoplasms
  5 giant cockroaches
  13 goblins
  6 hobgoblins
  3 jackals (D:2)
  6 quokkas
  5 ball pythons
  3 bats (D:1)
  5 kobolds
  5 rats
72 creatures vanquished.

Notes
Turn   | Place    | Note
-------+----------+-------------------------------------------
     0 | D:1      | Wetcigarette the Tengu Conjurer began the quest for the
                  | Orb.
     0 | D:1      | Reached XP level 1. HP: 10/10 MP: 4/4
   268 | D:1      | Reached skill level 6 in Conjurations
   268 | D:1      | Reached XP level 2. HP: 15/15 MP: 0/6
   695 | D:1      | Reached XP level 3. HP: 19/19 MP: 4/7
  1503 | D:2      | Reached XP level 4. HP: 24/24 MP: 6/8
  2416 | D:3      | Reached skill level 1 in Polearms
  2539 | D:3      | Reached skill level 1 in Armour
  2539 | D:3      | Noticed Robin
  2575 | D:3      | Killed Robin
  2676 | D:3      | Found a sacrificial altar of Ru.
  2685 | D:3      | Learned a level 4 spell: Petrify
  3210 | D:3      | Found a faded altar of an unknown god.
  3430 | D:4      | Reached XP level 5. HP: 28/28 MP: 6/9
  3457 | D:4      | Noticed Pikel
  3457 | D:4      | Noticed a lemure
  3469 | D:4      | Noticed a lemure
  3471 | D:4      | Noticed a lemure
  3473 | D:4      | Noticed a lemure
  3657 | D:4      | Found a burning altar of Makhleb.
  3657 | D:4      | Found a glowing golden altar of the Shining One.
  3661 | D:4      | Found a snail-covered altar of Cheibriados.
  3662 | D:4      | Found a basalt altar of Yredelemnul.
  3700 | D:4      | Became a worshipper of Makhleb the Destroyer
  3773 | D:4      | Reached XP level 6. HP: 33/33 MP: 4/11
  3924 | D:4      | Learned a level 2 spell: Searing Ray
  4046 | D:5      | Entered Level 5 of the Dungeon
  4092 | D:5      | Found a radiant altar of Vehumet.
  4093 | D:5      | Gained mutation: You have sharp fingernails. [potion of
                  | mutation]
  4093 | D:5      | Gained mutation: You are weak. (Str -2) [potion of
                  | mutation]
  4095 | D:5      | HP: 1/33 [ufetubus (2)]
  4095 | D:5      | Slain by an ufetubus

Illustrated notes

Levels and vault maps discovered:
D:1:      dpeg_arrival_tiny_c, layout_loops_corners
D:2:      layout_loops_ring, hangedman_decor_clover_reticule
D:3:      layout_loops_corners, mainiacjoe_overflow_cross_hatched,
          hellmonk_ecumenical_altar_defaced_shrine, hex_medium, uniq_robin
D:4:      layout_loops_cross, mainiacjoe_overflow_alcove_3, uniq_pikel
D:5:      layout_rooms, mainiacjoe_overflow_tiny_flanked,
          nicolae_vehumet_radiance, corexii_leaking_fountain, minivault_1

Skill      XL: |  1  2  3  4  5  6 |
---------------+-------------------+-----
Conjurations   | 6 |  6.9
Polearms       | 1 |  1.5
Armour         | 1 2 3 |  3.0
Dodging        | 3 |  3.2
Fighting       | |  0.5
Stealth        | |  2.2
Spellcasting   | |  2.9

Action                     |  1- 3 |  4- 6 || total
---------------------------+-------+-------++-------
  Melee: Unarmed           |     5 |       ||     5
         Kick              |     7 |    15 ||    22
         Spear             |    31 |    46 ||    77
         Peck              |     2 |     7 ||     9
         Punch             |       |     1 ||     1
  Throw: Throwing net      |       |     1 ||     1
   Cast: Magic Dart        |    52 |    76 ||   128
    Use: Potion            |       |     8 ||     8
         Scroll            |       |     2 ||     2
 Armour: Robe              |     2 |       ||     2
         Ring mail         |    23 |    57 ||    80
         Leather armour    |       |    26 ||    26
  Dodge: Dodged            |    20 |    84 ||   104
